 Dungeon Crawl Stone Soup version 0.27.1-15-g792fb953b9 (webtiles) character file.

Game seed: 3670997753127563

749 croobank the Covert (level 7, -1/28 (31) HPs)
             Began as a Felid Delver on Nov 19, 2021.
             Was a Follower of Vehumet.
             Slain by a wight (12 damage)
             ... on level 7 of the Dungeon.
             The game lasted 00:48:53 (7442 turns).

croobank the Covert (Felid Delver)                  Turns: 7442, Time: 00:48:53

HP:   -1/28 (31)    AC:  2    Str: 10    XL:     7   Next: 48%
MP:   11/12         EV: 20    Int: 11    God:    Vehumet [*.....]
Gold: 105           SH:  4    Dex: 18    Spells: 9/11 levels left
                                        Lives: 0   Deaths: 2

rFire    . . .     SeeInvis +     - Unarmed
rCold    . . .     Faith    .   (shield unavailable)
rNeg     . . .     Spirit   .   (armour unavailable)
rPois    .         Reflect  .   (helmet unavailable)
rElec    .         Harm     .   (cloak unavailable)
rCorr    .         Rampage  .   (gloves unavailable)
Will     ++...                  (boots unavailable)
Stlth    ++++......             (no amulet)
HPRegen  0.09/turn              i - ring of see invisible
MPRegen  0.13/turn              m - +4 ring of slaying

@: drained, quick
A: very small, claws 1, fangs 3, see invisible, speed 1, shaggy fur 2, stealthy
paws, no weapons or thrown items, no armour, multi-lived, large bone plates 1,
strong-willed 1
a: Renounce Religion


You were on level 7 of the Dungeon.
You worshipped Vehumet.
Vehumet was aware of your devotion.
You visited 1 branch of the dungeon, and saw 7 of its levels.

You collected 165 gold pieces.
You spent 60 gold pieces at shops.

Inventory:

Missiles
 k - 113 stones
Jewellery
 i - a ring of see invisible (left paw)
 m - a +4 ring of slaying (right paw)
Wands
 e - a wand of digging (3)
Scrolls
 a - a scroll of noise
 b - a scroll of identify
 g - 2 scrolls of vulnerability
Potions
 c - a potion of ambrosia
 d - a potion of degeneration
 f - 2 potions of magic
 h - 2 potions of mutation
 l - 2 potions of flight
 n - a potion of attraction


   Skills:
 + Level 3.4 Fighting
 + Level 5.5 Dodging
 + Level 9.3 Stealth
 + Level 6.3 Unarmed Combat
 * Level 2.7 Spellcasting
 * Level 3.1 Conjurations
 + Level 0.7 Evocations


You had 9 spell levels left.
You knew the following spells:

 Your Spells              Type           Power      Damage    Failure   Level
a - Magic Dart            Conj           32%        1d4       8%          1
b - Corona                Hex            1%         N/A       26%         1

Your spell library contained the following spells:

 Spells                   Type           Power      Damage    Failure   Level
 Animate Skeleton         Necr           2%         N/A       26%         1
 Apportation              Tloc           2%         N/A       26%         1
 Summon Small Mammal      Summ           4%         N/A       26%         1


Dungeon Overview and Level Annotations

Branches:
Dungeon (6/15)
 Temple: D:4-7

Altars:
Vehumet
The Shining One

Shops:
D:4 *

Annotations:
D:5 Prince Ribbit


Innate Abilities, Weirdness & Mutations

You have sharp claws.
You have razor-sharp teeth.
You have supernaturally acute eyesight. (SInv)
You cover ground quickly. (Speed+)
You are covered in thick fur. (AC +2)
Your paws help you pounce on unaware monsters.
You are incapable of wielding weapons or throwing items.
You cannot wear armour.
You gain extra lives every three experience levels.
You are partially covered in large bone plates. (SH +4)
You are strong-willed. (Will+)


Message History

You feel better.
The wight hits you from afar with a +1 spear of venom.
You feel drained.
An ice beast comes into view.
You see here 9 stones.
Okay, then.
Okay, then.
Okay, then.
Okay, then.
Casting: Magic Dart (safe; 8% risk of failure)
Confirm with . or Enter, or press ? or * to list all spells.
Okay, then.
Unknown command.
Attack: -) Teeth and claws
Press: ? - help, Dir - move target, f - ice beast
Aim: an ice beast (about 29% to evade your paws)
Your weapon can't reach that far!
Okay, then.
Casting: Magic Dart (safe; 8% risk of failure)
Confirm with . or Enter, or press ? or * to list all spells.
You don't know that spell.
Casting: Magic Dart (safe; 8% risk of failure)
Confirm with . or Enter, or press ? or * to list all spells.
Aiming: Magic Dart (safe; 8% risk of failure)
Press: ? - help, Shift-Dir - straight line, f - ice beast
Aim: an ice beast (100% to hit)
The magic dart hits the ice beast but does no damage.
The wight closely misses you.
Aiming: Magic Dart (safe; 8% risk of failure)
Press: ? - help, Q - select action, (/) - cycle Shift-Dir - straight line, f/p - ice beast
Aim: an ice beast (100% to hit)
The magic dart hits the ice beast but does no damage.
The wight closely misses you.
You scratch the ice beast but do no damage.
The ice beast misses you. You block the wight's attack.
You claw the ice beast!
The ice beast is moderately wounded.
The ice beast barely misses you.
The wight hits you from afar with a +1 spear of venom!
You die...

...##
##.......###.#.#
###
#.####)#####.#.#
#.# #.##..z...
#.# #.##.##.# .#
#.......#
#...z...#
#.##z##.#
.####.##(# #
......Y@.#
.####.#### #.#
#.


You could see an ice beast and 2 wights.

Vanquished Creatures
  A steam dragon (D:5)
  Edmund (D:5)
  A sky beast (D:5)
  A black bear (D:6)
  An ice beast (D:5)
  A centaur (D:4)
  A scorpion (D:4)
  2 wights (D:7)
  2 jellies
  2 centaur skeletons
  2 orc priests
  A bullfrog skeleton (D:4)
  An iguana (D:5)
  5 orc wizards
  A killer bee zombie (D:5)
  2 gnolls
  6 adders
  2 adder skeletons (D:4)
  3 dart slugs
  14 orcs
  3 endoplasms (D:1)
  3 giant cockroaches
  7 goblins
  7 hobgoblins
  4 jackals (D:2)
  8 kobolds
  A quokka (D:1)
  5 ball pythons
  7 bats
  A frilled lizard (D:3)
  4 rats
100 creatures vanquished.

Notes
Turn   | Place    | Note
-------+----------+-------------------------------------------
     0 | D:5      | croobank the Felid Delver began the quest for the Orb.
     0 | D:5      | Reached XP level 1. HP: 10/10 MP: 2/2
    12 | D:5      | Noticed Prince Ribbit
    18 | D:5      | Noticed an ice beast
    23 | D:4      | Found Fiagev's General Store.
   396 | D:1      | Reached skill level 7 in Stealth
   396 | D:1      | Reached XP level 2. HP: 14/14 MP: 3/3
  1311 | D:2      | Reached XP level 3. HP: 17/17 MP: 4/4
  1594 | D:2      | Found a radiant altar of Vehumet.
  2085 | D:2      | Became a worshipper of Vehumet
  2493 | D:3      | Reached XP level 4. HP: 13/21 MP: 5/5
  2870 | D:4      | Gained mutation: You are partially covered in large bone
                  | plates. (SH +4) [potion of mutation]
  2870 | D:4      | Gained mutation: You are strong-willed. (Will+) [potion of
                  | mutation]
  2870 | D:4      | Gained mutation: You are covered in thick fur. (AC +2)
                  | [potion of mutation]
  2878 | D:4      | HP: 1/21 [orc (6)]
  3150 | D:3      | Reached skill level 8 in Stealth
  3161 | D:3      | Reached XP level 5. HP: 5/24 MP: 6/6
  3364 | D:3      | Found a faded altar of an unknown god.
  3562 | D:3      | Reached * piety under Vehumet
  3562 | D:3      | Offered knowledge of Magic Dart by Vehumet.
  3566 | D:3      | Learned a level 1 spell: Magic Dart
  3829 | D:4      | Noticed a centaur
  3866 | D:4      | Killed a centaur
  4126 | D:4      | Mutation became permanent: You are covered in fur. (AC +1)
                  | [Felid growth]
  4126 | D:4      | Gained mutation: You are covered in thick fur. (AC +2)
                  | [Felid growth]
  4126 | D:4      | Reached XP level 6. HP: 20/28 MP: 6/8
  4205 | D:4      | Reached skill level 1 in Spellcasting
  4205 | D:4      | Reached skill level 1 in Conjurations
  4383 | D:4      | Identified the +8 rapier of Cobwebs {drain, Int-5 Dex+10}
  5296 | D:4      | Bought a scroll of identify for 24 gold pieces
  5296 | D:4      | Bought a potion of curing for 36 gold pieces
  5821 | D:5      | Reached XP level 7. HP: 21/31 MP: 10/10
  5954 | D:5      | Mangled by an ice beast
  5955 | D:5      | Reached XP level 6. HP: -7/28 MP: 7/9
  6016 | D:5      | Killed an ice beast
  6017 | D:5      | Reached skill level 9 in Stealth
  6017 | D:5      | Reached skill level 5 in Unarmed Combat
  6160 | D:5      | Noticed a sky beast
  6165 | D:5      | Noticed Edmund
  6174 | D:5      | Noticed a steam dragon
  6208 | D:5      | Killed a sky beast
  6212 | D:5      | Killed a steam dragon
  6213 | D:5      | Reached XP level 7. HP: 16/31 MP: 9/11
  6374 | D:5      | Found a glowing golden altar of the Shining One.
  6535 | D:5      | Splashed by a jelly's acid
  6536 | D:5      | Reached XP level 6. HP: -2/28 MP: 10/10
  6549 | D:5      | Killed Edmund
  6808 | D:5      | Learned a level 1 spell: Corona
  6953 | D:5      | Reached skill level 5 in Dodging
  6953 | D:5      | Reached XP level 7. HP: 31/31 MP: 11/11
  7359 | D:6      | You fall into a shaft and drop 1 floor!
  7442 | D:7      | Slain by a wight

Illustrated notes

Levels and vault maps discovered:
D:1:      lightli_arrival_statuegarden, layout_loops_cross,
          grunt_decor_junction, bh_walls_and_bars
D:2:      layout_basic, basic_altar, minmay_misc_feat_chi
D:3:      layout_loops_ring, chequers_ecumenical_altar_simple
D:4:      layout_layer_cave, serial_shops, shop, minmay_manual_moon
D:5:      layout_loops_ring, nicolae_tso_swordbearing_angel,
          uniq_prince_ribbit1, uniq_edmund
D:6:      layout_gridville, mainiacjoe_overflow_tiny_flanked,
          minmay_temple_entry_tees, serial_shops, nicolae_shop_crystal,
          portal_sewer_entry_b, minivault_19, chequers_serial_rivers_marsh,
          minmay_mini_ossuary
D:7:      layout_loops_cross, trog_book, mainiacjoe_overflow_alcove_2,
          nicolae_xom_altar_mimics, mainiacjoe_overflow_alcove_1

Skill      XL: |  1  2  3  4  5  6  7 |
---------------+----------------------+-----
Stealth        | 7 8 9 |  9.3
Dodging        | 3 5 |  5.5
Unarmed Combat | 3 4 6 |  6.3
Spellcasting   | 2 |  2.7
Conjurations   | 2 3 |  3.1
Fighting       | |  3.4
Evocations     | |  0.7

Action                   |  1- 3 |  4- 6 |  7- 9 || total
-------------------------+-------+-------+-------++-------
Melee: Unarmed           |   108 |   163 |    48 ||   319
       Bite              |     6 |    16 |     9 ||    31
       Punch             |     1 |     1 |     4 ||     6
 Cast: Magic Dart        |       |    14 |    13 ||    27
Evoke: Wand              |       |     6 |       ||     6
  Use: Scroll            |     6 |     7 |       ||    13
       Potion            |       |     4 |     2 ||     6
 Stab: Sleeping          |    21 |     9 |       ||    30
       Distracted        |     1 |     2 |       ||     3
Armor: Skin              |     4 |    12 |     3 ||    19
Dodge: Dodged            |    83 |   132 |    32 ||   247
Block: Other             |       |    24 |    10 ||    34
